 Dungeon Crawl Stone Soup version 0.27-a0-1105-g946c659c87 (webtiles) character file.

Game seed: 3514633807030686421

12 tardwrangler69 the Gusty (level 2, -1/12 (13) HPs)
             Began as a Spriggan Air Elementalist on Apr 29, 2021.
             Slain by an orc
             ... wielding a +2 short sword of draining
              (4 damage)
             ... on level 4 of the Dungeon.
             The game lasted 00:00:45 (421 turns).

tardwrangler69 the Gusty (Spriggan Air Elementalist) Turns: 421, Time: 00:00:46

HP:   -1/12 (13)    AC:  2    Str:  4    XL:     2   Next: 20%
MP:   4/7           EV: 17    Int: 16    God:
Gold: 496           SH:  0    Dex: 15    Spells: 6/7 levels left

rFire    . . .     SeeInvis +   (weapon restricted)
rCold    . . .     Faith    .   (shield restricted)
rNeg     . . .     Spirit   .   a - +0 robe
rPois    .         Reflect  .   (helmet restricted)
rElec    .         Harm     .   (no cloak)
rCorr    .         Rampage  .   (gloves unavailable)
Will     .....                  (boots unavailable)
Stlth    ++........             (no amulet)
HPRegen  0.04/turn              (no ring)
MPRegen  0.10/turn              (no ring)

@: drained, very quick
A: very small, no large weapons, unfitting armour, see invisible, speed 3
a: no special abilities


You were on level 4 of the Dungeon.
You visited 1 branch of the dungeon, and saw 3 of its levels.

You collected 496 gold pieces.

Inventory:

Armour
 a - a +0 robe (worn)


   Skills:
 - Level 2.6 Dodging
 - Level 3.0 Stealth
 + Level 3.0 Spellcasting
 - Level 0.6 Conjurations
 * Level 3.1 Air Magic


You had 6 spell levels left.
You knew the following spells:

 Your Spells              Type           Power      Damage    Failure   Level
a - Shock                 Conj/Air       32%        1d5       9%          1

Your spell library contained the following spells:

 Spells                   Type           Power      Damage    Failure   Level
 Static Discharge         Conj/Air       8%         N/A       13%         2
 Swiftness                Air            12%        N/A       16%         3
 Airstrike                Air            6%         N/A       45%         4
 Lightning Bolt           Conj/Air       4%         1d15      94%         5


Dungeon Overview and Level Annotations

Branches:
Dungeon (2/15)

Altars:


Innate Abilities, Weirdness & Mutations

You are very small and have problems with some larger weapons.
You are too small for most types of armour.
You have supernaturally acute eyesight. (SInv)
You cover ground extremely quickly. (Speed+++)


Message History

Confirm with . or Enter, or press ? or * to list all spells.
Aiming: Shock (safe; 9% risk of failure)
Press: ? - help, Shift-Dir - straight line, f - orc wizard
Aim: an orc wizard, wielding a +0 dagger and wearing a +0 robe (60% to hit)
The zap hits the orc wizard.
The orc wizard is lightly wounded.
The zap hits the orc.
The orc is moderately wounded.
Casting: Shock (safe; 9% risk of failure)
Confirm with . or Enter, or press ? or * to list all spells.
Aiming: Shock (safe; 9% risk of failure)
Press: ? - help, Shift-Dir - straight line, f/p - orc wizard
Aim: an orc wizard, wielding a +0 dagger and wearing a +0 robe (lightly wounded, 60% to hit)
The zap hits the orc wizard.
The orc wizard is heavily wounded.
The zap hits the orc.
The orc is heavily wounded.
This is a scroll of acquirement!
Something appears at your feet!
A hobgoblin comes into view.
As you read the scroll labelled IMOFUMNOIRR, it crumbles to dust.
It is a scroll of identify.
You don't have any unidentified items.
The orc wizard hits you with a +0 dagger.
The orc wizard completely misses you.
You now have 496 gold pieces.
The orc hits you with a +2 short sword of draining.
You feel drained. The orc wizard closely misses you.
The orc wizard hits you with a +0 dagger.
* * * LOW HITPOINT WARNING * * *
There are no items here.
Casting: Shock (safe; 9% risk of failure)
Confirm with . or Enter, or press ? or * to list all spells.
Aiming: Shock (safe; 9% risk of failure)
Press: ? - help, Shift-Dir - straight line, f/p - orc wizard
Aim: an orc wizard, wielding a +0 dagger and wearing a +0 robe (heavily wounded, 60% to hit)
The zap hits the orc wizard.
The orc wizard is heavily wounded.
The orc hits you with a +2 short sword of draining.
You die...

#########
#...@o..#
#..ooo..g.#
#...........
#.........##
#.........#
#...........
#...........
##########.#


You could see 3 orc wizards, an orc and a hobgoblin.

Vanquished Creatures
  An adder (D:2)
  A hobgoblin (D:2)
  A ball python (D:2)
  2 bats (D:2)
5 creatures vanquished.

Vanquished Creatures (others)
  A plant (D:2)
1 creature vanquished.

Grand Total: 6 creatures vanquished

Notes
Turn   | Place    | Note
-------+----------+-------------------------------------------
     0 | D:1      | tardwrangler69 the Spriggan Air Elementalist began the
                  | quest for the Orb.
     0 | D:1      | Reached XP level 1. HP: 9/9 MP: 5/5
   211 | D:2      | Reached XP level 2. HP: 13/13 MP: 1/7
   415 | D:2      | You fall into a shaft and drop 2 floors!
   418 | D:4      | Identified a scroll of acquirement
   418 | D:4      | Acquired 496 gold pieces
   421 | D:4      | Slain by an orc

Illustrated notes

Levels and vault maps discovered:
D:1:      dpeg_arrival_water_fire, layout_rooms, chequers_mini_garden
D:2:      layout_loops_cross, serial_shops, nicolae_shop_crystal, serial_bayou,
          serial_bayou_ford_a, serial_bayou_pond_d, serial_bayou_shore_b,
          serial_bayou_lagoon_a, serial_bayou_pond_b, serial_bayou_shore_b,
          small_statue_intersection, minmay_cut_off
D:4:      layout_loops_cross, lightli_temple_of_fire, kennysheep_mini,
          kennysheep_little_box, temple_hall, chequers_serial_rivers_micro_c,
          hangedman_decor_push

Skill      XL: |  1 |
---------------+----+-----
Spellcasting   | 3 |  3.0
Air Magic      | 3 |  3.1
Dodging        | |  2.6
Stealth        | |  3.0
Conjurations   | |  0.6

Action                   || total
-------------------------++-------
 Cast: Shock             ||    15
  Use: Scroll            ||     2
Dodge: Dodged            ||     3

Table legend: (Time is in decaauts)
 A = Elapsed time spent in this place.
 B = Non-inter-level travel time spent in this place.
 C = Inter-level travel time spent in this place.
 D = Time resting spent in this place.
 E = Time spent auto-exploring this place.
 F = Levels seen in this place.
 G = Mean time per level.
                   A        B        C        D        E       F      G
               +--------+--------+--------+--------+--------+-----+--------+
         Total |    317 |    309 |      8 |      0 |    277 |   3 |  105.7 |
       Dungeon |    317 |    309 |      8 |      0 |    277 |   3 |  105.7 |
               +--------+--------+--------+--------+--------+-----+--------+

Top non-repeatable levels by time:
     D:2: 189 daAuts
     D:1: 123 daAuts
     D:4: 5 daAuts
